 Dungeon Crawl Stone Soup version 0.24-a0-102-g7635c99 (webtiles) character file.

Game seed: 6788709200299437178

1027 galech the Chopper (level 8, -15/60 HPs)
             Began as a Demonspawn Fighter on Feb 12, 2019.
             Demolished by a two-headed ogre
             ... wielding a cursed -3 giant spiked club
              (17 damage)
             ... on level 6 of the Dungeon.
             The game lasted 00:03:58 (4545 turns).

galech the Chopper (Demonspawn Fighter)             Turns: 4545, Time: 00:03:59

Health: -15/60     AC: 10    Str: 17    XL:     8   Next: 3%
Magic:  8/8        EV:  8    Int:  9    God:
Gold:   260        SH:  9    Dex: 15    Spells: 7/7 levels left

rFire    + . .     SeeInvis .   a - +0 war axe
rCold    . . .     Gourm    .   c - +0 shield
rNeg     + . .     Faith    .   b - +0 scale mail
rPois    .         Spirit   .   (no helmet)
rElec    .         Reflect  .   u - +0 cloak
rCorr    .         Harm     .   (no gloves)
MR       .....                  (no boots)
Stlth    ..........             (no amulet)
HPRegen  0.20/turn              h - ring of positive energy
MPRegen  0.11/turn              (no ring)

@: no status effects
A: claws 2, slimy green scales 1, fire resistance 1, spiny 1, flame cloud
immunity
a: no special abilities


You were on level 6 of the Dungeon.
You were near starving.

You visited 1 branch of the dungeon, and saw 6 of its levels.

You collected 260 gold pieces.

Inventory:

Hand Weapons
 a - a +0 war axe (weapon)
Armour
 b - a +0 scale mail (worn)
 c - a +0 shield (worn)
 u - a +0 cloak (worn)
Jewellery
 h - a ring of positive energy (left claw)
Scrolls
 e - 2 scrolls of teleportation {unknown}
 i - a scroll of immolation {unknown}
 j - 6 scrolls of remove curse {unknown}
 k - 2 scrolls of identify {unknown}
 l - 3 scrolls of magic mapping {unknown}
 n - 3 scrolls of amnesia {unknown}
 p - 3 scrolls of blinking {unknown}
 q - a scroll of fear {unknown}
 r - 2 scrolls of enchant armour {unknown}
Potions
 d - 3 potions of might
 g - 2 potions of degeneration {unknown}
 m - a potion of mutation {unknown}
 o - 2 potions of berserk rage {unknown}
 s - 3 potions of lignification {unknown}
 t - a potion of ambrosia {unknown}
 v - 3 potions of heal wounds {unknown}
 w - a potion of agility {unknown}
Comestibles
 f - 7 rations


   Skills:
 + Level 4.2 Fighting
 + Level 6.0 Axes
 + Level 4.2 Armour
 + Level 2.1 Dodging
 + Level 0.4 Stealth
 + Level 4.4 Shields


You had 7 spell levels left.
You didn't know any spells.
Your spell library contained the following spells:

 Spells                   Type           Power        Failure   Level  Hunger
 Freeze                   Ice            #...         99%         1    ##.....
 Magic Dart               Conj           #...         99%         1    ##.....
 Blink                    Tloc           N/A          100%        2    ###....
 Call Imp                 Summ           #.......     100%        2    ###....
 Slow                     Hex            #.......     100%        2    ###....
 Throw Frost              Conj/Ice       #.....       100%        2    ###....
 Conjure Flame            Conj/Fire      #.......     100%        3    ####...
 Mephitic Cloud           Conj/Pois/Air  #.......     100%        3    ####...
 Ozocubu's Armour         Chrm/Ice       #.......     100%        3    ####...
 Summon Ice Beast         Ice/Summ       #.......     100%        4    #####..
 Throw Icicle             Conj/Ice       #.......     100%        4    #####..


Dungeon Overview and Level Annotations

Branches:
Dungeon (6/15)
 Temple: D:4-7

Altars:
Qazlal
Trog
Uskayaw
Yredelemnul


Innate Abilities, Weirdness & Mutations

You have very sharp fingernails.
You are partially covered in slimy green scales. (AC +2)
Your flesh is heat resistant. (rF+)
You are partially covered in sharp spines.
You are immune to clouds of flame.


Message History

You are too injured to fight recklessly!
You are too injured to fight recklessly!
You are too injured to fight recklessly!
You are too injured to fight recklessly!
You are too injured to fight recklessly!
You are too injured to fight recklessly!
You are too injured to fight recklessly!
You are too injured to fight recklessly!
You are too injured to fight recklessly!
You hit the two-headed ogre.
The two-headed ogre is moderately wounded.
The two-headed ogre is struck by your spines.
The two-headed ogre hits you with a cursed -3 giant spiked club!
* * * LOW HITPOINT WARNING * * *
You block the two-headed ogre's attack.
Your shield and scale mail prevent you from hitting the two-headed ogre.
The two-headed ogre is heavily wounded.
The two-headed ogre is struck by your spines.
The two-headed ogre hits you with a cursed -3 giant spiked club!
You die...

....# #.#......
.....##.#......
..............
#............
#............
#............
#....O....#
#?...@....#
#....>....#
#####.##### #.# #.#
#.# #.# #.#
#.########## #.#
########..........#
#.#
#.................#


You could see a two-headed ogre.

Vanquished Creatures
  Grinder (D:5)
  A sky beast (D:5)
  A bullfrog (D:6)
  3 big kobolds
  A howler monkey (D:5)
  A crimson imp (D:5)
  An orc priest (D:4)
  4 hounds
  An orc wizard (D:4)
  Jessica (D:2)
  A worker ant (D:3)
  4 gnolls (D:3)
  5 adders
  2 shadow imps (D:5)
  An adder skeleton (D:4)
  3 dart slugs
  4 leopard geckos
  4 orcs
  4 bats
  3 giant cockroaches
  6 goblins
  6 hobgoblins
  14 kobolds
  2 ball pythons
  2 frilled lizards
  9 rats
85 creatures vanquished.

Notes
Turn   | Place    | Note
-------+----------+-------------------------------------------
     0 | D:1      | galech the Demonspawn Fighter began the quest for the Orb.
     0 | D:1      | Reached XP level 1. HP: 18/18 MP: 1/1
   198 | D:1      | Reached skill level 2 in Axes
   356 | D:1      | Gained mutation: You have sharp fingernails. [demonic
                  | ancestry]
   356 | D:1      | Reached XP level 2. HP: 18/24 MP: 2/2
   950 | D:2      | Noticed Jessica
   963 | D:2      | Killed Jessica
   963 | D:2      | Gained mutation: Your flesh is heat resistant. (rF+)
                  | [demonic ancestry]
   963 | D:2      | Reached XP level 3. HP: 29/29 MP: 3/3
  1250 | D:2      | Gained mutation: You are partially covered in slimy green
                  | scales. (AC +2) [demonic ancestry]
  1250 | D:2      | Reached XP level 4. HP: 31/35 MP: 4/4
  1561 | D:3      | Reached skill level 3 in Axes
  1882 | D:3      | Gained mutation: You are immune to clouds of flame.
                  | [demonic ancestry]
  1882 | D:3      | Reached XP level 5. HP: 29/41 MP: 5/5
  1886 | D:3      | Reached skill level 1 in Dodging
  2837 | D:4      | Found a stormy altar of Qazlal.
  2838 | D:4      | Found a bloodstained altar of Trog.
  2853 | D:4      | Found a hide-covered altar of Uskayaw.
  2969 | D:4      | Reached skill level 4 in Axes
  2969 | D:4      | Reached XP level 6. HP: 47/48 MP: 6/6
  3029 | D:5      | Entered Level 5 of the Dungeon
  3066 | D:5      | Noticed Grinder
  3078 | D:5      | Paralysed by something for 3 turns
  3103 | D:5      | Paralysed by Grinder for 2 turns
  3109 | D:5      | Killed Grinder
  3109 | D:5      | Reached skill level 5 in Axes
  3109 | D:5      | Gained mutation: You have very sharp fingernails. [demonic
                  | ancestry]
  3109 | D:5      | Reached XP level 7. HP: 15/53 MP: 7/7
  3674 | D:5      | Found a basalt altar of Yredelemnul.
  4368 | D:6      | Reached skill level 6 in Axes
  4368 | D:6      | Gained mutation: You are partially covered in sharp spines.
                  | [demonic ancestry]
  4368 | D:6      | Reached XP level 8. HP: 60/60 MP: 8/8
  4537 | D:6      | Noticed a two-headed ogre
  4544 | D:6      | HP: 2/60 [two-headed ogre/cursed -3 giant spiked club (17)]
  4545 | D:6      | Demolished by a two-headed ogre

Levels and vault maps discovered:
D:1:      psy_arrival_conway, layout_loops_ring, chequers_serial_rivers_micro_e
D:2:      layout_basic, uniq_jessica
D:3:      layout_basic
D:4:      layout_rooms, grunt_temple_overflow_open
D:5:      minmay_skewed_foursquare, layout_basic,
          nicolae_overflow_crystal_walls, first_ration, uniq_grinder
D:6:      layout_basic, minmay_temple_entry_sparse_star,
          minmay_unpleasant_kobolds

Skill      XL: |  1  2  3  4  5  6  7 |
---------------+----------------------+-----
Axes           | 2 3 4 5 6 |  6.0
Armour         | 3 4 |  4.2
Shields        | 3 4 |  4.4
Dodging        | 1 2 |  2.1
Fighting       | 4 |  4.2
Stealth        | |  0.4

Action                   |  1- 3 |  4- 6 |  7- 9 || total
-------------------------+-------+-------+-------++-------
Melee: War axe           |    90 |   173 |   142 ||   405
  Use: Potion            |       |     1 |       ||     1
  Eat: Chunk             |     1 |     6 |       ||     7
       Ration            |       |       |     1 ||     1
Armor: Scale mail        |    51 |    94 |    54 ||   199
Dodge: Dodged            |    27 |    54 |    41 ||   122
Block: Shield            |    50 |    84 |    72 ||   206

Table legend:
 A = Non-vault XP
 B = Vault XP
 C = Vault XP percentage of total XP
 D = Non-vault monster count
 E = Vault monster count
 F = Vault count percentage of total count
                 A         B        C        D         E       F
            +---------+---------+-------+---------+---------+-------
      Total |     781 |     687 |  46.8 |      74 |      11 |  12.9
            +---------+---------+-------+---------+---------+-------
        D:1 |      20 |       0 |   0.0 |       9 |       0 |   0.0
        D:2 |      47 |      37 |  44.0 |      14 |       1 |   6.7
        D:3 |     162 |       0 |   0.0 |      25 |       0 |   0.0
        D:4 |     195 |       0 |   0.0 |      13 |       0 |   0.0
        D:5 |     264 |     457 |  63.4 |      12 |       4 |  25.0
        D:6 |      93 |     193 |  67.5 |       1 |       6 |  85.7
            +---------+---------+-------+---------+---------+-------
